1872 views
Uploaded 2022-11-17 17:16:48
Game version 1.33
14:13 long 1on1 ladder game on (2)SwampedTemple
Saved by ZueD
1872 views
Uploaded 2022-11-17 17:16:48
Game version 1.33
14:13 long 1on1 ladder game on (2)SwampedTemple

26 units @ 4k
/ 0.5k
17 buildings @ 3.3k
/ 1.4k


| Healing Salve | 4 | 400 |
| Lesser Clarity Potion | 1 | 70 |
| Scroll of Town Portal | 1 | 350 |
| Potion of Lesser Invulnerability | 1 | 150 |
| total: | 7 | 970g |
| Peon | 10 | 750 | / | 0 |
| Troll Headhunter | 5 | 700 | / | 100 |
| Grunt | 3 | 600 | / | 0 |
| Spirit Walker | 2 | 390 | / | 70 |
| Wind Rider | 3 | 795 | / | 120 |
| Kodo Beast | 1 | 255 | / | 60 |
| Raider | 1 | 180 | / | 40 |
| Goblin Shredder | 1 | 375 | / | 100 |
| total: | 26 | 4045g | / | 490w |
| Watch Tower | 2 | 220 | / | 160 |
| Altar of Storms | 1 | 180 | / | 50 |
| Orc Burrow | 5 | 800 | / | 200 |
| War Mill | 1 | 205 | / | 0 |
| Barracks | 1 | 180 | / | 50 |
| Voodoo Lounge | 2 | 260 | / | 60 |
| Great Hall | 3 | 1155 | / | 555 |
| Beastiary | 1 | 145 | / | 140 |
| Tauren Totem | 1 | 135 | / | 155 |
| Stronghold | 1 | 315 | / | 190 |
| Fortress | 1 | 325 | / | 190 |
| total: | 17 | 3280g | / | 1370w |
| 0:02 | Peon |
| 0:04 | Altar of Storms |
| 0:05 | Peon |
| 0:15 | Orc Burrow |
| 0:24 | Peon |
| 0:32 | Peon |
| 0:36 | Peon |
| 1:04 | Peon |
| 1:18 | Peon |
| 1:47 | Stronghold |
| 1:50 | War Mill |
| 2:02 | Barracks |
| 2:06 | Wind Walk |
| 2:19 | Orc Burrow |
| 2:27 | Voodoo Lounge |
| 2:29 | Voodoo Lounge |
| 2:45 | Orc Burrow |
| 3:09 | Troll Headhunter |
| 3:19 | Troll Headhunter |
| 3:33 | Healing Salve |
| 3:33 | Healing Salve |
| 3:40 | Troll Headhunter |
| 3:54 | Troll Headhunter |
| 4:45 | Fortress |
| 4:55 | Beastiary |
| 5:00 | Tauren Totem |
| 5:17 | Troll Headhunter |
| 5:19 | Grunt |
| 5:24 | Peon |
| 5:31 | Peon |
| 5:56 | Great Hall |
| 6:03 | Critical Strike |
| 6:06 | Healing Salve |
| 6:13 | Hex |
| 6:15 | Watch Tower |
| 6:28 | Spirit Walker |
| 7:38 | Wind Rider |
| 7:43 | Spirit Walker Adept Training |
| 8:07 | Spiked Barricades |
| 8:18 | Wind Rider |
| 9:17 | Great Hall |
| 9:27 | Healing Wave |
| 9:35 | Kodo Beast |
| 9:41 | Critical Strike |
| 9:55 | Orc Burrow |
| 10:04 | Potion of Lesser Invulnerability |
| 10:55 | Great Hall |
| 11:01 | Ensnare |
| 11:03 | Orc Burrow |
| 11:51 | Healing Wave |
| 12:14 | Watch Tower |
| 12:27 | Wind Rider |
| 12:27 | Grunt |
| 12:29 | Spirit Walker |
| 12:32 | Reinforced Defenses |
| 12:38 | Healing Salve |
| 12:38 | Lesser Clarity Potion |
| 12:43 | Raider |
| 13:11 | Scroll of Town Portal |
| 13:29 | Goblin Shredder |
| 13:57 | Mirror Image |
| 14:07 | Peon |
| 14:09 | Grunt |
| Select group | 871 |
| Right click | 519 |
| Select | 432 |
| Misc. action | 150 |
| Build/train/purchase | 70 |
| Use ability | 35 |
| Assign group | 16 |
| Item give/drop | 5 |
| Chat | 4 |
| Remove unit | 2 |
28 units @ 3.7k
/ 0.4k
17 buildings @ 2.8k
/ 0.9k



| Rod of Necromancy | 2 | 300 |
| Sacrificial Skull | 1 | 50 |
| Potion of Healing | 2 | 300 |
| Orb of Corruption | 1 | 375 |
| Dust of Appearance | 1 | 75 |
| Scroll of Town Portal | 1 | 350 |
| Scroll of Healing | 1 | 250 |
| Boots of Speed | 1 | 250 |
| Potion of Lesser Invulnerability | 1 | 150 |
| total: | 11 | 2100g |
| Acolyte | 9 | 675 | / | 0 |
| Ghoul | 9 | 1080 | / | 0 |
| Crypt Fiend | 5 | 1075 | / | 200 |
| Obsidian Statue | 3 | 600 | / | 105 |
| Banshee | 2 | 310 | / | 60 |
| total: | 28 | 3740g | / | 365w |
| Nerubian Tower | 4 | 400 | / | 80 |
| Crypt | 2 | 400 | / | 100 |
| Altar of Darkness | 1 | 180 | / | 50 |
| Ziggurat | 9 | 1350 | / | 450 |
| Tomb of Relics | 1 | 130 | / | 30 |
| Graveyard | 1 | 215 | / | 0 |
| Necropolis | 1 | 225 | / | 0 |
| Slaughterhouse | 1 | 140 | / | 135 |
| Temple of the Damned | 1 | 155 | / | 140 |
| Halls of the Dead | 1 | 320 | / | 210 |
| Black Citadel | 1 | 325 | / | 230 |
| total: | 17 | 2795g | / | 905w |
| 0:02 | Acolyte |
| 0:03 | Acolyte |
| 0:06 | Crypt |
| 0:13 | Altar of Darkness |
| 0:23 | Ziggurat |
| 0:31 | Acolyte |
| 0:57 | Tomb of Relics |
| 1:09 | Ghoul |
| 1:14 | Ghoul |
| 1:30 | Ziggurat |
| 1:42 | Ghoul |
| 1:55 | Ghoul |
| 2:12 | Rod of Necromancy |
| 2:14 | Carrion Beetles |
| 2:21 | Nerubian Tower |
| 2:32 | Ghoul |
| 2:38 | Acolyte |
| 2:49 | Ghoul |
| 3:03 | Ghoul |
| 3:16 | Ghoul |
| 3:26 | Spiked Carapace |
| 3:31 | Sacrificial Skull |
| 3:44 | Acolyte |
| 3:54 | Ziggurat |
| 4:22 | Ziggurat |
| 4:26 | Acolyte |
| 4:29 | Ziggurat |
| 4:34 | Ziggurat |
| 4:42 | Ziggurat |
| 5:09 | Acolyte |
| 5:09 | Acolyte |
| 5:24 | Acolyte |
| 5:26 | Nerubian Tower |
| 5:30 | Nerubian Tower |
| 5:35 | Nerubian Tower |
| 5:43 | Carrion Beetles |
| 5:57 | Halls of the Dead |
| 6:11 | Boots of Speed |
| 6:14 | Dust of Appearance |
| 6:24 | Ghoul |
| 6:57 | Graveyard |
| 6:57 | Crypt |
| 7:45 | Necropolis |
| 8:00 | Ziggurat |
| 8:19 | Black Citadel |
| 8:20 | Crypt Fiend |
| 9:00 | Spiked Carapace |
| 9:03 | Web |
| 9:25 | Rod of Necromancy |
| 9:26 | Death Coil |
| 9:27 | Creature Carapace |
| 9:30 | Slaughterhouse |
| 9:58 | Crypt Fiend |
| 10:02 | Ziggurat |
| 10:06 | Potion of Healing |
| 10:17 | Burrow |
| 10:28 | Temple of the Damned |
| 10:49 | Ghoul Frenzy |
| 11:00 | Orb of Corruption |
| 11:01 | Scroll of Town Portal |
| 11:09 | Crypt Fiend |
| 11:10 | Obsidian Statue |
| 11:14 | Improved Creature Carapace |
| 11:43 | Obsidian Statue |
| 11:44 | Banshee Adept Training |
| 12:06 | Frost Nova |
| 12:11 | Crypt Fiend |
| 12:14 | Potion of Healing |
| 12:34 | Banshee |
| 12:35 | Destroyer Form |
| 12:51 | Crypt Fiend |
| 13:04 | Potion of Lesser Invulnerability |
| 13:05 | Scroll of Healing |
| 13:18 | Banshee |
| 13:38 | Unholy Aura |
| 14:03 | Obsidian Statue |
| Select group | 1334 |
| Right click | 742 |
| Select | 378 |
| Misc. action | 264 |
| Build/train/purchase | 116 |
| Assign group | 57 |
| Use ability | 19 |
| Esc | 4 |
| Item give/drop | 2 |